 Dungeon Crawl Stone Soup version 0.30.1-11-g7821555f0a (webtiles) character file.

Game seed: 14893434766206409510

485 Ivernyr the Shield-Bearer (level 7, -4/55 HPs)
             Began as a Formicid Fighter on Dec 14, 2023.
             Splashed by a jelly's acid (7 damage)
             ... on level 5 of the Dungeon.
             The game lasted 00:07:12 (3596 turns).

Ivernyr the Shield-Bearer (Formicid Fighter)        Turns: 3596, Time: 00:07:14

Health: -4/55      AC: -12   Str: 22    XL:     7   Next: 35%
Magic:  0/7        EV:  9    Int:  8    God:
Gold:   272        SH:  5    Dex: 13    Spells: 6/6 levels left

rFire   + . .        a - +0 quarterstaff
rCold   . . .        c - +0 buckler
rNeg    . . .        b - +0 scale mail
rPois   .            (helmet unavailable)
rElec   .            (no cloak)
rCorr   .            (no gloves)
SInv    +            (no boots)
Will    .....        u - amulet of guardian spirit Stlth
                     e - ring of protection from fire
HPRegen 0.29/turn    (no ring)
MPRegen 0.10/turn

%: guardian spirit
@: corroded
A: permanent stasis, dig shafts and tunnels, antennae 3, four strong arms
a: Dig, Shaft Self


You were on level 5 of the Dungeon.
You visited 1 branch of the dungeon, and saw 5 of its levels.

You collected 272 gold pieces.

Inventory:

Hand Weapons
 a - a +0 quarterstaff (weapon)
Armour
 b - a +0 scale mail (worn)
 c - a +0 buckler (worn)
Jewellery
 e - a ring of protection from fire (left hand)
 u - an amulet of guardian spirit (around neck)
Wands
 j - a wand of paralysis (5)
 k - a wand of iceblast (6)
Scrolls
 i - a scroll of amnesia {unknown}
 l - 6 scrolls of identify {unknown}
 n - a scroll of blinking {unknown}
 o - a scroll of silence {unknown}
 p - a scroll of enchant weapon {unknown}
 r - a scroll of fog {unknown}
 t - a scroll of teleportation {unknown}
Potions
 d - 3 potions of might
 f - a potion of attraction {unknown}
 h - a potion of mutation {unknown}
 m - a potion of lignification {unknown}
 q - a potion of cancellation {unknown}
 s - a potion of flight {unknown}


   Skills:
 + Level 4.7 Fighting
 * Level 4.9 Staves
 + Level 4.8 Armour
 + Level 5.8 Shields


You had 6 spell levels left.
You didn't know any spells.
Your spell library contained the following spells:

 Spells                   Type           Power      Damage    Failure   Level
 Apportation              Tloc           0%         N/A       78%         1
 Necrotise                Necr           0%         1d4       78%         1
 Summon Small Mammal      Summ           0%         N/A       78%         1


Dungeon Overview and Level Annotations

Branches:
Dungeon (5/15)
 Temple: D:4-7

Altars:


Innate Abilities, Weirdness & Mutations

You cannot be hasted, slowed, berserked, paralysed or teleported.
You can dig through walls and to a lower floor.
You have a pair of large antennae on your head. (SInv)
Your four strong arms can wield two-handed weapons with a shield.


Message History

The jelly is lightly wounded.
The jelly hits you. The acid corrodes you!
You are splashed with acid!
You block the jelly's attack.
You hit the jelly but do no damage.
Your hands burn!
The jelly is lightly wounded.
The jelly barely misses you.
You hit the jelly but do no damage.
Your hands burn!
The jelly is lightly wounded.
The jelly barely misses you.
You hit the jelly but do no damage.
Your hands burn!
The jelly is lightly wounded.
You block the jelly's attack.
You hit the jelly but do no damage.
Your hands burn!
The jelly is lightly wounded.
The jelly closely misses you.
You hit the jelly.
Your hands burn!
The jelly is moderately wounded.
You block the jelly's attack.
You hit the jelly.
Your hands burn!
The jelly is severely wounded.
The jelly hits you.
You are splashed with acid!
* * * LOW HITPOINT WARNING * * *
You hit the jelly but do no damage.
Your hands burn!
The jelly is severely wounded.
You block the jelly's attack.
You barely miss the jelly.
The jelly is severely wounded.
You block the jelly's attack.
Unknown command.
The jelly attacks as you move away! The jelly hits you.
* * * LOW HITPOINT WARNING * * *
You are splashed with acid!
* * * LOW HITPOINT WARNING * * *
You hit the jelly but do no damage. The acid corrodes you!
Your hands burn!
* * * LOW HITPOINT WARNING * * *
The jelly is severely wounded.
The jelly hits you.
* * * LOW HITPOINT WARNING * * *
You are splashed with acid!
You die...

#.# #........#.##
#.# #...........#
#.#####..#.....###.#
#.....†.........# )#
#######..##...#.#
#..###....# #..#
#..####.#
#..###.......#
#...@J....<..#
#.#####..##### #..#
##.# #.## .# #. .#
#. .# #. .# .#


You could see a jelly.

Vanquished Creatures
  A scorpion (D:5)
  A jelly (D:5)
  A gnoll bouda (D:5)
  A sleepcap (D:4)
  3 orc wizards
  10 adders
  6 gnolls (D:5)
  A shadow imp (D:5)
  An ufetubus (D:5)
  3 worms
  3 dart slugs
  9 orcs
  3 endoplasms
  A giant cockroach (D:2)
  6 hobgoblins
  9 kobolds
  4 quokkas
  12 ball pythons
  5 bats
  A frilled lizard (D:3)
  11 goblins
  2 rats
94 creatures vanquished.

Notes
Turn   | Place    | Note
-------+----------+-------------------------------------------
     0 | D:1      | Ivernyr the Formicid Fighter began the quest for the Orb.
     0 | D:1      | Reached XP level 1. HP: 18/18 MP: 1/1
   165 | D:1      | Reached XP level 2. HP: 24/24 MP: 2/2
   360 | D:1      | Reached XP level 3. HP: 29/29 MP: 3/3
   914 | D:2      | Found a faded altar of an unknown god.
   936 | D:2      | Reached XP level 4. HP: 37/37 MP: 4/4
  1800 | D:3      | Reached XP level 5. HP: 25/42 MP: 5/5
  2102 | D:4      | Reached skill level 5 in Shields
  2111 | D:4      | HP: 2/42 [worm (5)]
  2333 | D:4      | Reached XP level 6. HP: 46/48 MP: 6/6
  2717 | D:5      | Entered Level 5 of the Dungeon
  2832 | D:5      | Reached XP level 7. HP: 17/55 MP: 3/7
  3596 | D:5      | Splashed by a jelly's acid

Illustrated notes

Levels and vault maps discovered:
D:1:      amcnicky_arrival_abandoned_market, layout_loops_cross
D:2:      layout_loops_ring, nicolae_ecumenical_snake_handling,
          minmay_splitting_lines, serial_bayou_pond_a
D:3:      layout_rooms, wad_floor_pattern_untrapped, corexii_corridor_pit,
          minmay_misc_feat_square
D:4:      layout_cave_pools
D:5:      layout_loops_ring, minmay_holes, bh_walls_and_bars

Skill      XL: |  1  2  3  4  5  6 |
---------------+-------------------+-----
Staves         | 3 4 |  4.9
Armour         | 4 |  4.8
Fighting       | 4 |  4.7
Shields        | 5 |  5.8

Action                     |  1- 3 |  4- 6 |  7- 9 || total
---------------------------+-------+-------+-------++-------
  Melee: Quarterstaff      |    81 |   191 |    75 ||   347
Ability: Dig               |       |     1 |       ||     1
 Armour: Scale mail        |    38 |    81 |    26 ||   145
  Dodge: Dodged            |    42 |    72 |    38 ||   152
  Block: Buckler           |    24 |    51 |    29 ||   104
